 Dungeon Crawl Stone Soup version 0.26.1-11-gd32895ea62 (webtiles) character file.

Game seed: 17037918024337319949

806 promet the Covert (level 7, -4/45 HPs)
             Began as an Octopode Brigand on June 8, 2021.
             Slain by a sky beast (6 damage)
             ... on level 5 of the Dungeon.
             The game lasted 00:24:37 (4752 turns).

promet the Covert (Octopode Brigand)                Turns: 4752, Time: 00:24:38

Health: -4/45      AC:  1    Str: 11    XL:     7   Next: 91%
Magic:  7/7        EV: 14    Int: 13    God:
Gold:   164        SH:  0    Dex: 15    Spells: 6/6 levels left

rFire    + . .     SeeInvis .   a - +3 dagger
rCold    x . .     Faith    .   (no shield)
rNeg     . . .     Spirit   .   (helmet restricted)
rPois    .         Reflect  .   (no amulet)
rElec    .         Harm     .   o - ring of resist corrosion
rCorr    +         Rampage  .   u - ring of fire
Will     .....                  (no ring)
Stlth    +++++.....             (no ring)
HPRegen  0.15/turn              (no ring)
MPRegen  0.10/turn              (no ring)
                                (no ring)
                                (no ring)

@: about to teleport
A: almost no armour, stealthy swim, amphibious, 8 rings, constrict 8, camouflage
1, gelatinous body 1
a: no special abilities


You were on level 5 of the Dungeon.
You visited 1 branch of the dungeon, and saw 5 of its levels.

You collected 164 gold pieces.

Inventory:

Hand Weapons
 a - a +3 dagger (weapon)
 b - a +4 hunting sling
 k - a +2 dagger of holy wrath
 l - a +0 spear
 C - a +0 shortbow
Missiles
 c - 2 curare-tipped darts
 e - 80 bolts
 f - 52 arrows
 g - 29 poisoned darts (quivered)
 i - 96 stones
 B - 26 sling bullets
Jewellery
 o - a ring of resist corrosion (left tentacle)
 u - a ring of fire (right tentacle)
Wands
 w - a wand of digging (6)
 z - a wand of iceblast (12)
Scrolls
 d - a scroll of fog
 h - 3 scrolls of identify
 p - a scroll of blinking
 s - 3 scrolls of teleportation
 t - a scroll of remove curse
 v - a scroll of magic mapping
 y - a scroll of immolation {unknown}
Potions
 j - 3 potions of curing {unknown}
 m - 2 potions of haste {unknown}
 n - 2 potions of heal wounds
 q - a potion of degeneration {unknown}
 r - a potion of flight {unknown}
 x - a potion of might {unknown}
 A - a potion of invisibility {unknown}


   Skills:
 + Level 2.9 Fighting
 + Level 4.1 Short Blades
 + Level 3.6(4.4) Slings
 + Level 3.5(4.3) Throwing
 + Level 2.3 Dodging
 + Level 8.8 Stealth


You had 6 spell levels left.
You didn't know any spells.
Your spell library was empty.

Dungeon Overview and Level Annotations

Branches:
Dungeon (5/15)             Temple (0/1) D:4

Altars:


Innate Abilities, Weirdness & Mutations

You cannot wear most types of armour.
You are very stealthy in the water. (Stealth+)
You are amphibious.
You can wear up to eight rings at the same time.
You can use your tentacles to constrict eight enemies at once.
Your skin changes colour to match your surroundings (Stealth+).
Your rubbery body absorbs attacks. (AC +1, EV +1)


Message History

You hit the white imp but do no damage.
You squeeze the white imp, but do no damage.
The white imp is heavily wounded.
You constrict the white imp. The white imp closely misses you.
As you read the scroll of teleportation, it crumbles to dust.
You feel strangely unstable.
You constrict the white imp.
A sky beast appears from thin air!
Reactivating autopickup.
The white imp hits you.
* * * LOW HITPOINT WARNING * * *
The white imp freezes you.
You feel a terrible chill!
* * * LOW HITPOINT WARNING * * *
You hit the white imp.
You kill the white imp!
You barely miss the sky beast.
The sky beast flickers out of sight!
Deactivating autopickup; reactivate with Ctrl-A.
Something hits you.
* * * LOW HITPOINT WARNING * * *
Something shocks you.
You die...

.....†.#
#..####.###.#
.......# #.##
#.# ##
.....#..#.
##.#
#...####...
###..## ##.##
#.###.....##
#.#
#.......#..###
#..
.......####..#
##.#
..#.....###.##
..
.......{@†..#
...
..#####..##.#
#.####.# #.#
.# #.# .. #.#
### ..# #.#


There were no monsters in sight!

Vanquished Creatures
  An ice beast (D:3)
  A centaur (D:5)
  2 scorpions (D:5)
  A howler monkey (D:5)
  A bullfrog skeleton (D:5)
  A hound (D:4)
  2 orc priests
  Natasha (D:3)
  5 worker ants
  A hound skeleton (D:5)
  A howler monkey skeleton (D:4)
  8 adders
  2 river rats (D:3)
  2 white imps (D:5)
  An ooze (D:2)
  3 worms (D:3)
  2 dart slugs (D:1)
  6 leopard geckos
  9 orcs
  10 bats
  6 giant cockroaches
  5 goblins
  8 hobgoblins
  3 quokkas
  A ball python (D:3)
  6 frilled lizards
  5 kobolds
  A leopard gecko skeleton (D:4)
  A leopard gecko zombie (D:3)
  A quokka skeleton (D:4)
  10 rats
107 creatures vanquished.

Notes
Turn   | Place    | Note
-------+----------+-------------------------------------------
     0 | D:1      | promet the Octopode Brigand began the quest for the Orb.
     0 | D:1      | Reached XP level 1. HP: 14/14 MP: 1/1
   160 | D:1      | Reached XP level 2. HP: 18/19 MP: 2/2
   278 | D:1      | Reached skill level 6 in Stealth
   532 | D:1      | Reached XP level 3. HP: 18/24 MP: 3/3
   778 | D:2      | Reached skill level 7 in Stealth
   778 | D:2      | Reached XP level 4. HP: 24/29 MP: 4/4
  1577 | D:3      | Reached XP level 5. HP: 31/34 MP: 5/5
  1765 | D:3      | Noticed an ice beast
  1767 | D:3      | Killed an ice beast
  1768 | D:3      | Reached skill level 8 in Stealth
  1782 | D:3      | Reached XP level 6. HP: 38/41 MP: 6/6
  2187 | D:3      | Noticed Natasha
  2202 | D:3      | Killed Natasha
  2914 | D:4      | Reached skill level 1 in Slings
  3073 | D:4      | Reached XP level 7. HP: 33/45 MP: 7/7
  3306 | D:4      | Found a staircase to the Ecumenical Temple.
  3562 | D:5      | Entered Level 5 of the Dungeon
  4752 | D:5      | HP: 2/45 [something (2)]
  4752 | D:5      | Slain by a sky beast

Illustrated notes

Levels and vault maps discovered:
D:1:      minmay_arrival_open_corners, layout_rooms
D:2:      layout_rooms, amcnicky_mini_corridor_feature
D:3:      layout_loops_ring, portal_sewer_entry_b, uniq_natasha
D:4:      layout_cave_pools, minmay_temple_entry_grid
D:5:      layout_layer_cave, st_stairs_2

Skill      XL: |  1  2  3  4  5  6  7 |
---------------+----------------------+-----
Stealth        | 6 7 8 |  8.8
Short Blades   | 3 4 |  4.1
Dodging        | 2 |  2.3
Slings         | 1 3 |  3.6
Throwing       | 3 |  3.5
Fighting       | |  2.9

Action                   |  1- 3 |  4- 6 |  7- 9 || total
-------------------------+-------+-------+-------++-------
Melee: Dagger            |    53 |    95 |    66 ||   214
       Constrict         |    11 |    21 |    12 ||    44
       Tentacles         |     7 |    13 |    10 ||    30
 Fire: Hunting sling     |       |    36 |    18 ||    54
Throw: Dart              |     2 |    21 |     2 ||    25
  Use: Scroll            |     6 |     6 |     2 ||    14
 Stab: Sleeping          |    10 |    14 |     3 ||    27
Armor: Skin              |     7 |     2 |     2 ||    11
Dodge: Dodged            |    39 |    30 |    25 ||    94
